 Dungeon Crawl Stone Soup version 0.17.1-3-g152610e (webtiles) character file.

11731 kaze the Blocker (level 11, 0/69 HPs)
             Began as a Gargoyle Fighter on Mar 18, 2016.
             Slain by a slime creature (11 damage)
             ... on level 12 of the Dungeon.
             The game lasted 00:25:46 (9851 turns).

kaze the Blocker (Gargoyle Fighter)                 Turns: 9851, Time: 00:25:46

Health: 0/69       AC: 29    Str: 23    XL:     11   Next: 82%
Magic:  11/11      EV:  7    Int:  9    God:
Gold:   602        SH: 18    Dex:  9    Spells: 0 memorised, 10 levels left

rFire  + . .     SeeInvis .     p - +1 flail (protect)
rCold  . . .     Clarity  .     m - +2 plate armour
rNeg   + . .     SustAt   +     c - +5 shield
rPois  ∞         Gourm    .     (no helmet)
rElec  +         Spirit   .     (no cloak)
rCorr  .         Warding  .     C - +0 pair of gloves
rMut   .         Stasis   .     (no boots)
MR     .....                    h - amulet of regeneration
Stlth  ..........               A - ring of sustain attributes
                                u - ring of protection from fire

@: not resistant to hostile enchantments, extremely unstealthy
A: negative energy resistance 1, electricity resistance, unbreathing,
petrification resistance, rot immunity, AC +7
a: no special abilities


You were on level 12 of the Dungeon.
You were full.

You visited 1 branch of the dungeon, and saw 12 of its levels.

You collected 699 gold pieces.
You spent 97 gold pieces at shops.

Inventory:

Hand Weapons
 a - a +0 war axe of venom
 b - a +1 scimitar of flaming
 p - a +1 flail of protection (weapon)
Missiles
 s - 8 tomahawks (quivered)
Armour
 c - a +5 shield (worn)
 m - a +2 plate armour (worn)
 C - a +0 pair of gloves (worn)
Jewellery
 d - a cursed -2 ring of strength {unknown}
 h - an amulet of regeneration (around neck)
 u - a ring of protection from fire (left hand)
 A - a ring of sustain attributes (right hand)
Wands
 f - a wand of disintegration (16)
 v - a wand of confusion (42)
 z - a wand of paralysis (17)
 D - a wand of lightning (6)
Scrolls
 g - 6 scrolls of teleportation
 l - a scroll of recharging
 n - a scroll of blinking
 o - 4 scrolls of remove curse
 q - 7 scrolls of identify
 t - a scroll of magic mapping {unknown}
 B - a scroll of fear
Potions
 j - 2 potions of curing
 E - a potion of magic {unknown}
 H - a potion of invisibility
 I - a potion of degeneration {unknown}
Books
 x - a book of Callings

   Spells                             Type                      Level
   a - Summon Small Mammal            Summoning                    1
   b - Call Imp                       Summoning                    2
   c - Call Canine Familiar           Summoning                    3
   d - Summon Guardian Golem          Hexes/Summoning              3
   e - Summon Lightning Spire         Summoning/Air                4
   f - Summon Ice Beast               Ice/Summoning                4
 y - a book of Dreams

   Spells                             Type                      Level
   a - Ensorcelled Hibernation        Hexes/Ice                    2
   b - Phase Shift                    Translocation                5
   c - Shadow Creatures               Summoning                    5
   d - Silence                        Hexes/Air                    5
   e - Darkness                       Hexes                        6
   f - Mass Confusion                 Hexes                        6
 F - a book of Envenomations

   Spells                             Type                      Level
   a - Spider Form                    Transmutation/Poison         3
   b - Alistair's Intoxication        Transmutation/Poison         4
   c - Olgreb's Toxic Radiance        Poison                       4
   d - Poisonous Cloud                Conjuration/Poison/Air       6
Miscellaneous
 K - an ornate deck of summoning
Comestibles
 e - a bread ration
 i - 2 slices of pizza
 k - 5 meat rations
 r - 2 beef jerkies
 G - a royal jelly


   Skills:
 + Level 8.5 Fighting
 + Level 2.6(5.7) Axes
 + Level 8.6(8.9) Maces & Flails
 + Level 8.6 Armour
 + Level 3.4 Dodging
 + Level 13.0 Shields


You had 10 spell levels left.
You didn't know any spells.

Dungeon Overview and Level Annotations

Branches:
Dungeon (12/15)            Temple (0/1) D:6            Lair (0/8) D:9
    Orc (0/4) D:9

Altars:
Elyvilon
Fedhas
Kikubaaqudgha
Makhleb
Nemelex Xobeh
Okawaru
Trog
Yredelemnul
Zin
The Shining One

Shops:
D:7 }   D:9 ?

Annotations:
D:10 Shufflesack's ghost, journeyman DEWz


Innate Abilities, Weirdness & Mutations

You are resistant to torment.
Your stone body is resilient (AC +7).
You are immune to poison.
You resist negative energy.
You are resistant to electric shocks.
You can survive without breathing.
You are immune to petrification.
You are immune to rotting.


Message History

The large slime creature hits you!
You sock the large slime creature!
The large slime creature is severely wounded.
The large slime creature hits you!
* * * LOW HITPOINT WARNING * * *
You sock the large slime creature!
The large slime creature is severely wounded.
A large slime creature splits.
You thump the slime creature!
The slime creature is almost dead.
You block the slime creature's attack.
The slime creature hits you but does no damage.
You hit the slime creature.
The slime creature is almost dead.
You block the slime creature's attack. x2
You thump the slime creature!
You kill the slime creature!
Your Shields skill increases to level 13!
The slime creature hits you!
You die...

.#.....# .#.....#..####
..+ .#.....+.....# ..#
.#.....#.....###.#
.#.....#.......#.#
'#....(#.......#.#
.......#.......#.#
.......#.......#.#
.......#....<..'@#
.......#.......#J#####...
.......#.......#y........
.......######+##...####..
..........y.J......#
...####..#######...# ####
#..# #...# #..# #####
####


You could see a slime creature and a killer bee.

Vanquished Creatures
  Erica (D:8)
  3 hill giants
  An ugly thing (D:12)
  Joseph (D:7)
  Grinder (D:6)
  A slime creature (D:12)
  A two-headed ogre (D:11)
  A wyvern (D:11)
  Sigmund (D:4)
  2 yaks (D:11)
  2 hippogriffs
  2 vampire mosquitoes (D:11)
  2 hungry ghosts
  Menkaure (D:5)
  A sky beast (D:8)
  A black bear (D:7)
  2 ice beasts
  6 ogres
  A wasp (D:11)
  A water moccasin (D:8)
  3 phantoms
  14 centaurs
  7 orc warriors
  Blork the orc (D:5)
  10 giant frogs
  A gnoll sergeant (D:4)
  A wyvern zombie (D:12)
  A wyvern skeleton (D:8)
  4 killer bees
  A water moccasin skeleton (D:7)
  5 scorpions
  4 wights
  6 crimson imps
  6 orc priests
  2 giant frog zombies
  2 jellies
  A gnoll shaman (D:4)
  2 centaur skeletons
  3 giant frog skeletons
  4 iguanas
  8 orc wizards
  5 hounds
  9 worker ants
  Robin (D:4)
  21 gnolls
  18 adders
  4 shadow imps
  An ooze (D:1)
  An adder zombie (D:6)
  An adder skeleton (D:10)
  4 worms
  6 giant geckos
  52 orcs
  A ball python (D:2)
  10 hobgoblins
  10 jackals
  8 kobolds
  4 quokkas
  11 bats
  3 giant cockroaches
  7 giant newts
  17 goblins
  A quokka zombie (D:6)
  5 rats
  A bush (D:5)
319 creatures vanquished.

Vanquished Creatures (others)
  2 killer bees (D:12)
  A giant newt (D:6)
3 creatures vanquished.

Grand Total: 322 creatures vanquished

Notes
Turn   | Place    | Note
--------------------------------------------------------------
     0 | D:1      | kaze the Gargoyle Fighter began the quest for the Orb.
     0 | D:1      | Reached XP level 1. HP: 14/14 MP: 1/1
   101 | D:1      | Reached XP level 2. HP: 19/19 MP: 2/2
   437 | D:1      | Reached XP level 3. HP: 23/23 MP: 3/3
   703 | D:2      | Reached skill level 4 in Shields
   932 | D:2      | Reached XP level 4. HP: 24/28 MP: 4/4
  1552 | D:3      | Reached skill level 1 in Dodging
  1618 | D:3      | Reached XP level 5. HP: 33/33 MP: 5/5
  1900 | D:3      | Reached skill level 5 in Shields
  2089 | D:3      | Reached XP level 6. HP: 35/38 MP: 6/6
  2405 | D:4      | Noticed Sigmund
  2473 | D:4      | Killed Sigmund
  2473 | D:4      | Reached skill level 1 in Maces & Flails
  2530 | D:4      | Reached XP level 7. HP: 44/44 MP: 7/7
  2610 | D:4      | Reached skill level 6 in Shields
  2679 | D:4      | Reached skill level 5 in Armour
  2849 | D:4      | Reached skill level 5 in Fighting
  3049 | D:4      | Noticed Robin
  3064 | D:4      | Reached XP level 8. HP: 28/49 MP: 8/8
  3108 | D:4      | Killed Robin
  3394 | D:4      | Reached skill level 7 in Shields
  3422 | D:5      | Entered Level 5 of the Dungeon
  3546 | D:5      | Noticed Menkaure
  3555 | D:5      | Killed Menkaure
  3582 | D:5      | Noticed Blork the orc
  3600 | D:5      | Killed Blork the orc
  3650 | D:5      | Found a blossoming altar of Fedhas.
  3858 | D:5      | Found a glowing silver altar of Zin.
  3861 | D:5      | Found a glowing golden altar of the Shining One.
  3864 | D:5      | Found a sparkling altar of Nemelex Xobeh.
  4109 | D:6      | Found a staircase to the Ecumenical Temple.
  4285 | D:6      | Noticed Grinder
  4306 | D:6      | Paralysed by something for 2 turns
  4314 | D:6      | Paralysed by something for 2 turns
  4331 | D:6      | Paralysed by Grinder for 3 turns
  4338 | D:6      | Paralysed by Grinder for 5 turns
  4358 | D:6      | Paralysed by Grinder for 3 turns
  4366 | D:6      | Killed Grinder
  4366 | D:6      | Reached skill level 8 in Shields
  4366 | D:6      | Reached XP level 9. HP: 29/54 MP: 9/9
  4761 | D:6      | Reached skill level 5 in Maces & Flails
  4841 | D:6      | Found a basalt altar of Yredelemnul.
  4993 | D:6      | Found an iron altar of Okawaru.
  5073 | D:7      | Noticed Joseph
  5098 | D:7      | Reached skill level 9 in Shields
  5206 | D:7      | Killed Joseph
  5513 | D:7      | Reached XP level 10. HP: 50/61 MP: 10/10
  5734 | D:7      | Found Zuoki's Gadget Emporium.
  5824 | D:8      | Found an ancient bone altar of Kikubaaqudgha.
  5825 | D:8      | Found a white marble altar of Elyvilon.
  5826 | D:8      | Found a bloodstained altar of Trog.
  5904 | D:8      | Reached skill level 10 in Shields
  5916 | D:8      | Got a heavy robe
  5927 | D:8      | Identified the cursed +1 robe of Lihagh {+Fly MR+ MP-9} (You found it on level 8 of the Dungeon)
  5986 | D:8      | Noticed Erica
  6031 | D:8      | Killed Erica
  6292 | D:8      | Found a burning altar of Makhleb.
  6679 | D:8      | Reached skill level 11 in Shields
  6780 | D:9      | Found Ycvucvif's Magic Scroll Emporium.
  6859 | D:9      | Found a staircase to the Lair.
  6997 | D:9      | Found a staircase to the Orcish Mines.
  7565 | D:9      | Bought a scroll of enchant armour for 97 gold pieces
  7655 | D:10     | Entered Level 10 of the Dungeon
  7900 | D:10     | Noticed a hill giant
  7913 | D:10     | Noticed Shufflesack's ghost (journeyman DEWz)
  7935 | D:10     | Killed a hill giant
  7935 | D:10     | Reached XP level 11. HP: 29/68 MP: 11/11
  8222 | D:11     | Reached skill level 12 in Shields
  8308 | D:11     | Noticed a hill giant
  8320 | D:11     | Killed a hill giant
  8931 | D:11     | Noticed a hill giant
  8944 | D:11     | Killed a hill giant
  9723 | D:12     | HP: 1/69 [large slime creature (22)]
  9851 | D:12     | Reached skill level 13 in Shields
  9851 | D:12     | Slain by a slime creature

Action                   |  1- 3 |  4- 6 |  7- 9 | 10-12 || total
-------------------------+-------+-------+-------+-------++-------
Melee: War axe           |   166 |   117 |       |       ||   283
       Flail             |       |   164 |   683 |   941 ||  1788
  Use: Potion            |       |       |     4 |     7 ||    11
       Scroll            |       |       |     9 |    12 ||    21
  Eat: Chunk             |       |     3 |     1 |     5 ||     9
       Meat ration       |       |     1 |       |       ||     1
       Bread ration      |       |       |     3 |     4 ||     7
       Fruit             |       |       |     3 |       ||     3
       Beef jerky        |       |       |       |     5 ||     5
